 Dungeon Crawl Stone Soup version 0.22.0-75-g3901e79 (webtiles) character file.

1513 whitewolfNL the Fighter (level 8, -1/89 HPs)
             Began as an Ogre Berserker on Sept 13, 2018.
             Was a Priest of Trog.
             Slain by a crocodile (11 damage)
             ... on level 6 of the Dungeon.
             The game lasted 01:08:52 (9333 turns).

whitewolfNL the Fighter (Ogre Berserker)            Turns: 9333, Time: 01:08:53

Health: -1/89      AC:  4    Str: 21 (23) XL:     8   Next: 83%
Magic:  8/8        EV:  8    Int:  5 (8)  God:    Trog [***...]
Gold:   257        SH:  7    Dex:  6 (9)  Spells: 7/7 levels left

rFire    . . .     SeeInvis .   L - +3 spear
rCold    . . .     Gourm    .   D - +0 shield
rNeg     . . .     Faith    .   J - +0 robe
rPois    .         Spirit   .   (helmet restricted)
rElec    .         Reflect  .   z - +0 cloak
rCorr    .         Harm     .   (gloves unavailable)
MR       .....                  (boots unavailable)
Stlth    ++........             A - amulet of rage
HPRegen  0.24/turn              (no ring)
MPRegen  0.11/turn              (no ring)

@: flying
A: large, unfitting armour, tough skin 1
a: Berserk, Trog's Hand, Renounce Religion, Evoke Berserk Rage


You were on level 6 of the Dungeon.
You worshipped Trog.
Trog was most pleased with you.
You were not hungry.

You visited 2 branches of the dungeon, and saw 8 of its levels.

You collected 257 gold pieces.

Inventory:

Hand Weapons
 o - a +1 dagger of draining
 r - a +2 dagger of venom
 v - a +0 flail of protection
 y - a +2 quarterstaff of chaos
 C - a +0 spear
 E - a +0 war axe
 K - a +2 falchion of holy wrath
 L - a +3 spear (weapon)
 M - a +0 spear
Missiles
 a - 33 sling bullets
 d - 126 arrows
 f - 10 poisoned needles
 i - 47 bolts
 l - 71 stones (quivered)
Armour
 s - a +0 plate armour
 z - a +0 cloak (worn)
 B - a +2 chain mail of fire resistance
 D - a +0 shield (worn)
 J - a +0 robe (worn)
Jewellery
 q - an uncursed amulet of the gourmand
 A - an amulet of rage (around neck)
Wands
 b - a wand of disintegration (5)
 t - a wand of flame (31)
Scrolls
 g - a scroll of enchant armour
 j - 4 scrolls of noise {unknown}
 m - a scroll of magic mapping
 p - a scroll of fog {unknown}
 u - 2 scrolls of amnesia {unknown}
Potions
 e - a potion of cancellation
 h - a potion of magic
 n - 3 potions of curing
 w - a potion of lignification
Comestibles
 c - 2 rations


   Skills:
 * Level 8.6 Fighting
 - Level 0.1 Short Blades
 - Level 3.7(4.6) Axes
 - Level 3.6(4.5) Maces & Flails
 * Level 0.3(2.8) Polearms
 - Level 2.4(3.6) Staves
 * Level 5.4 Dodging
 * Level 3.2 Stealth
 * Level 1.2 Shields


You had 7 spell levels left.
You didn't know any spells.
Your spell library was empty.

Dungeon Overview and Level Annotations

Branches:
Dungeon (7/15)             Temple (1/1) D:5

Altars:
Ashenzari
Cheibriados
Dithmenos
Elyvilon
Fedhas
Gozag
Hepliaklqana
Kikubaaqudgha
Makhleb
Nemelex Xobeh
Okawaru
Qazlal
Ru
Sif Muna
Trog
Uskayaw
Wu Jian
Xom
Yredelemnul
Zin
The Shining One


Innate Abilities, Weirdness & Mutations

You are too large for most types of armour.
You have tough skin. (AC +1)


Message History

The crocodile bites you!
* * * LOW HITPOINT WARNING * * *
You climb upwards.
The orc warrior shouts! 4 orcs and a skeleton come into view.
The orc shouts! x2
There is a stone staircase leading down here.
It was a potion of cancellation.
You feel magically purged. The crocodile closely misses you.
The orc hits you but does no damage. You block the orc's attack.
The orc warrior closely misses you.
It was a potion of degeneration.
There was something very wrong with that liquid.
You feel weakened.
You feel dopey.
You feel clumsy. You block the crocodile's attack. You block the orc's attack.
The orc hits you but does no damage.
It was a potion of flight.
You feel very buoyant.
You fly up into the air.
The hound skeleton closely misses you. The orc hits you but does no damage.
The crocodile bites you!
You die...

...# ...##
##...## #
##.8...##
#.#.......##
#..8...8...#
#...to.....#
#...o@.o.#
##..Zo.o.#
#.8...8.#
##.....##
##.8.##
##.## ###


You could see an orc warrior, a crocodile, 4 orcs and a hound skeleton.

Vanquished Creatures
  A hornet (D:7)
  Grinder (D:4)
  Eustachio (D:5)
  Edmund (D:5)
  Blork the orc (D:4)
  A bullfrog (D:7)
  3 crimson imps (D:5)
  A jelly (D:7)
  3 hounds (D:4)
  2 bullfrog skeletons
  A gnoll shaman (D:7)
  Crazy Yiuf (D:4)
  2 orc wizards (D:5)
  2 worker ants
  A killer bee zombie (D:5)
  A hound zombie (D:7)
  2 hound skeletons
  3 gnolls (D:7)
  10 adders
  A shadow imp (D:5)
  An ooze (D:7)
  7 worms
  2 dart slugs
  A leopard gecko (D:1)
  3 orcs
  10 bats
  3 giant cockroaches
  11 goblins
  4 hobgoblins
  9 jackals
  4 kobolds
  3 quokkas
  A ball python (D:1)
  7 frilled lizards
  A quokka skeleton (D:4)
  5 rats
111 creatures vanquished.

Notes
Turn   | Place    | Note
-------+----------+-------------------------------------------
     0 | D:1      | whitewolfNL the Ogre Berserker began the quest for the Orb.
     0 | D:1      | Reached XP level 1. HP: 24/24 MP: 1/1
   153 | D:1      | Reached XP level 2. HP: 28/32 MP: 2/2
   679 | D:1      | Reached XP level 3. HP: 29/40 MP: 3/3
  1602 | D:2      | Reached skill level 5 in Fighting
  1602 | D:2      | Reached skill level 1 in Stealth
  1788 | D:2      | Reached XP level 4. HP: 24/50 MP: 4/4
  1914 | D:2      | Reached ** piety under Trog
  2659 | D:3      | Reached XP level 5. HP: 23/59 MP: 5/5
  3064 | D:3      | Reached skill level 6 in Fighting
  3835 | D:4      | Noticed Blork the orc
  3840 | D:4      | Killed Blork the orc
  3840 | D:4      | Reached skill level 1 in Maces & Flails
  3840 | D:4      | Reached XP level 6. HP: 54/68 MP: 6/6
  4023 | D:4      | Noticed Grinder
  4066 | D:4      | Paralysed by Grinder for 4 turns
  4072 | D:4      | HP: 3/68 [Grinder (1)]
  4074 | D:4      | Killed Grinder
  4074 | D:4      | Reached XP level 7. HP: 2/76 MP: 7/7
  4778 | D:4      | Found a runed door.
  4782 | D:4      | Noticed Crazy Yiuf
  4787 | D:4      | Killed Crazy Yiuf
  4983 | D:4      | Reached skill level 7 in Fighting
  5576 | D:4      | Reached skill level 1 in Staves
  5819 | D:5      | Entered Level 5 of the Dungeon
  5843 | D:5      | Found a staircase to the Ecumenical Temple.
  6446 | D:5      | Noticed Edmund
  6461 | D:5      | Killed Edmund
  6516 | D:5      | Reached *** piety under Trog
  6516 | D:5      | Reached XP level 8. HP: 88/88 MP: 8/8
  6912 | D:5      | Noticed Eustachio
  7029 | D:5      | Killed Eustachio
  7029 | D:5      | Reached skill level 8 in Fighting
  7448 | Temple   | Entered the Ecumenical Temple
  7695 | D:4      | You fall through a shaft for 3 floors!
  7777 | D:7      | Found an ancient bone altar of Kikubaaqudgha.
  8047 | D:7      | Noticed a hornet
  8050 | D:7      | Paralysed by a hornet for 2 turns
  8055 | D:7      | Killed a hornet
  8055 | D:7      | Reached skill level 5 in Dodging
  8070 | D:7      | HP: 4/89 [poisoned by a hornet]
  8075 | D:7      | HP: 4/89 [poisoned by a hornet]
  8875 | D:7      | Reached skill level 1 in Shields
  9333 | D:6      | Slain by a crocodile

Skill      XL: |  1  2  3  4  5  6  7  8 |
---------------+-------------------------+-----
Fighting       | 5 6 7 8 |  8.6
Dodging        | 3 4 5 |  5.4
Stealth        | 1 2 3 |  3.2
Maces & Flails | 1 2 3 |  3.6
Staves         | 2 |  2.4
Shields        | 1 |  1.2
Short Blades   | |  0.1
Axes           | |  3.7
Polearms       | |  0.3

Action                   |  1- 3 |  4- 6 |  7- 9 || total
-------------------------+-------+-------+-------++-------
Melee: Hand axe          |    47 |       |       ||    47
       Dagger            |    36 |    65 |       ||   101
       Flail             |       |    38 |   128 ||   166
       Quarterstaff      |       |       |    73 ||    73
       War axe           |       |       |    40 ||    40
       Spear             |       |       |    22 ||    22
Invok: Berserk           |       |       |     1 ||     1
Evoke: Wand              |       |     2 |     2 ||     4
  Use: Scroll            |     1 |     4 |     5 ||    10
       Potion            |       |       |     3 ||     3
 Stab: Sleeping          |       |     1 |     1 ||     2
  Eat: Chunk             |     2 |     4 |     1 ||     7
       Ration            |       |     1 |     5 ||     6
Armor: Animal skin       |     4 |       |       ||     4
       Robe              |     7 |    37 |    98 ||   142
Dodge: Dodged            |    47 |    45 |   154 ||   246
Block: Shield            |       |       |    44 ||    44
